 Dungeon Crawl Stone Soup version 0.32-a0-696-g5fa0bccb63 (webtiles) character file.

Game seed: 7337672262491109562

107 IndexError the Digger (level 4, -17/39 HPs)
             Began as a Troll Earth Elementalist on Mar 13, 2024.
             Demolished by a sleepcap (21 damage)
             ... on level 3 of the Dungeon.
             The game lasted 00:04:28 (2671 turns).

IndexError the Digger (Troll Earth Elementalist)    Turns: 2671, Time: 00:04:28

Health: -17/39     AC:  4    Str: 16    XL:     4   Next: 57%
Magic:  12/13      EV:  1    Int: 13    God:
Gold:   192        SH:  0    Dex: 10    Spells: 4/5 levels left

rFire   . .          .
                       - Unarmed
rCold   . . .        (no shield)
rNeg    . . .        a - +0 robe
rPois   .            (helmet restricted)
rElec   .            (no cloak)
rCorr   .            (gloves unavailable)
SInv    .            (boots unavailable)
Will    .....        i - amulet of magic regeneration
Stlth   +            l - ring of wizardry {Wiz+, !d}
HPRegen 1.06/turn    o - ring of magical power {MP+9}
MPRegen 0.53/turn

%: wizardry (x1)
@: sleeping
A: large, unfitting armour, claws 3, regeneration 1, shaggy fur 1, tough skin 1
a: no special abilities


You were on level 3 of the Dungeon.
You visited 1 branch of the dungeon, and saw 4 of its levels.

You collected 192 gold pieces.

Inventory:

Hand Weapons
 p - a +0 spear
   (You found it on level 3 of the Dungeon)
 q - a +0 quarterstaff
   (You found it on level 3 of the Dungeon)
 r - a +0 whip
   (You found it on level 3 of the Dungeon)
 v - a +0 club
   (You took it off a goblin on level 3 of the Dungeon)
Missiles
 n - a throwing net {=f, !d}
Armour
 a - a +0 robe (worn)
Magical Staves
 u - a staff of air {rElec}
   (You found it on level 3 of the Dungeon)
Jewellery
 e - an amulet of reflection
   (You found it on level 1 of the Dungeon)
 i - an amulet of magic regeneration (around neck)
   (You found it on level 1 of the Dungeon)
 l - a ring of wizardry (left claw) {Wiz+, !d}
   (You found it on level 1 of the Dungeon)
 o - a ring of magical power (right claw) {MP+9}
   (You found it on level 2 of the Dungeon)
 s - an amulet of regeneration {+regen, !d}
   (You found it on level 2 of the Dungeon)
Scrolls
 c - 2 scrolls of identify {unknown}
 d - 2 scrolls of revelation {unknown}
 h - a scroll of fear {unknown}
 j - a scroll of poison {unknown}
 m - 2 scrolls of immolation {unknown}
Potions
 b - 2 potions of magic
 f - 2 potions of attraction {unknown}
 g - a potion of cancellation {unknown}
 k - a potion of heal wounds {unknown}
 t - a potion of curing {unknown}


   Skills:
 - Level 1.5 Dodging
 - Level 1.0 Stealth
 + Level 2.9 Unarmed Combat
 - Level 1.2 Spellcasting
 - Level 0.6 Conjurations
 + Level 3.9 Earth Magic


You had 4 spell levels left.
You knew the following spells:

 Your Spells              Type           Power      Damage    Failure   Level
a - Sandblast             Erth           22%        2d7       2%          1

Your spell library contained the following spells:

 Spells                   Type           Power      Damage    Failure   Level
 Passwall                 Erth           11%        N/A       6%          3
 Summon Small Mammal      Summ           0%         N/A       12%         1
 Stone Arrow              Conj/Erth      12%        3d7       13%         3
 Lesser Beckoning         Tloc           0%         N/A       16%         2
 Call Canine Familiar     Summ           0%         N/A       32%         3
 Gell's Gravitas          Tloc           0%         N/A       32%         3
 Sigil of Binding         Hex            0%         N/A       32%         3
 Teleport Other           Tloc           0%         N/A       32%         3
 Brom's Barrelling Bould  Conj/Erth      6%         2d3       38%         4
 Petrify                  Alch/Erth      5%         N/A       43%         4
 Dimensional Bullseye     Hex/Tloc       0%         N/A       69%         4
 Summon Blazeheart Golem  Fire/Summ      0%         N/A       69%         4


Dungeon Overview and Level Annotations

Branches:
Dungeon (4/15)
 Temple: D:4-7

Altars:
Ashenzari
Makhleb
Xom


Innate Abilities, Weirdness & Mutations

You are too large for most types of armour.
You have claws for hands.
Your natural rate of healing is unusually fast.
You are covered in fur. (AC +1)
You have tough skin. (AC +1)


Message History

The blast of sand hits the sleepcap but does no damage.
The sleepcap releases spores at you.
You now have 12/13 mp.
The blast of sand hits the sleepcap!
The sleepcap releases spores at you but does no damage.
The ribbon worm expels a string of sticky webbing.
The stream of webbing hits you but does no damage.
You are even more entangled.
The sleepcap barely misses you.
The blast of sand hits the sleepcap but does no damage.
The sleepcap releases spores at you.
You take 2 damage, and have 36/39 hp.
The blast of sand hits the sleepcap.
The ribbon worm expels a string of sticky webbing.
The stream of webbing hits you but does no damage.
You are even more entangled.
The sleepcap releases spores at you but does no damage.
The sleepcap releases spores at you!
You take 7 damage, and have 29/39 hp.
The blast of sand hits the sleepcap.
The sleepcap releases spores at you.
You take 3 damage, and have 26/39 hp.
The blast of sand hits the sleepcap but does no damage.
The sleepcap releases spores at you but does no damage.
The ribbon worm barely misses you. The sleepcap releases spores at you.
You are engulfed in a cloud of soporific spores!
You fall asleep.
The ribbon worm bites you!
You wake up.
The sleepcap releases spores at you.
You take 13 damage, and have 13/39 hp.
MASSIVE DAMAGE!!
You struggle to detach yourself from the web.
The sleepcap barely misses you.
The ribbon worm expels a string of sticky webbing.
The stream of webbing misses you.
The web tears apart.
The sleepcap releases spores at you but does no damage.
MP restored: 13
There is a stone staircase leading up here.
The ribbon worm closely misses you. The sleepcap releases spores at you.
You climb upwards.
There is a stone staircase leading down here.
You take 1 damage, and have 15/39 hp.
The ribbon worm expels a string of sticky webbing.
The stream of webbing hits you but does no damage.
You are caught in a web!
There is a web here.
The web tears apart.
The sleepcap releases spores at you. The ribbon worm barely misses you.
You take 1 damage, and have 15/39 hp.
The sleepcap attacks as it pursues you! The sleepcap barely misses you.
The sleepcap attacks as it pursues you! The sleepcap misses you.
You are too injured to fight recklessly!
You are too injured to fight recklessly!
Casting: Sandblast (safe; 2% risk of failure)
Confirm with . or Enter, or press ? or * to list all spells.
Aiming: Sandblast (safe; 2% risk of failure)
Press: ? - help, Shift-Dir - straight line, f - sleepcap
Aim: a sleepcap (heavily damaged, 100% to hit)
The blast of sand hits the sleepcap but does no damage.
The sleepcap releases spores at you.
You take 2 damage, and have 20/39 hp.
Casting: Sandblast (safe; 2% risk of failure)
Confirm with . or Enter, or press ? or * to list all spells.
Aiming: Sandblast (safe; 2% risk of failure)
Press: ? - help, Shift-Dir - straight line, f/p - sleepcap
Aim: a sleepcap (heavily damaged, 100% to hit)
The blast of sand hits the sleepcap but does no damage.
The sleepcap releases spores at you.
You are engulfed in a cloud of soporific spores!
You fall asleep.
The sleepcap releases spores at you.
You wake up.
You are engulfed in a cloud of soporific spores!
You are unaffected.
You take 6 damage, and have 14/39 hp.
Casting: Sandblast (safe; 2% risk of failure)
Confirm with . or Enter, or press ? or * to list all spells.
Aiming: Sandblast (safe; 2% risk of failure)
Press: ? - help, Shift-Dir - straight line, f/p - sleepcap
Aim: a sleepcap (heavily damaged, 100% to hit)
The blast of sand hits the sleepcap but does no damage.
The sleepcap closely misses you. The sleepcap releases spores at you.
You take 2 damage, and have 12/39 hp.
You now have 12/13 mp.
Casting: Sandblast (safe; 2% risk of failure)
Confirm with . or Enter, or press ? or * to list all spells.
Aiming: Sandblast (safe; 2% risk of failure)
Press: ? - help, Shift-Dir - straight line, f/p - sleepcap
Aim: a sleepcap (heavily damaged, 100% to hit)
The blast of sand hits the sleepcap.
The sleepcap releases spores at you.
* * * LOW HITPOINT WARNING * * *
You are engulfed in a cloud of soporific spores!
You are unaffected.
You take 4 damage, and have 8/39 hp.
Casting: Sandblast (safe; 2% risk of failure)
Confirm with . or Enter, or press ? or * to list all spells.
Aiming: Sandblast (safe; 2% risk of failure)
Press: ? - help, Shift-Dir - straight line, f/p - sleepcap
Aim: a sleepcap (severely damaged, 100% to hit)
The blast of sand hits the sleepcap.
The sleepcap releases spores at you.
* * * LOW HITPOINT WARNING * * *
You are engulfed in a cloud of soporific spores!
You fall asleep.
The sleepcap releases spores at you!!
Ouch! That really hurt!
You die...

######### ########
#.......# .......#
#.#####.# ######.# #.#
#.# #.# #.# #@# ####.#
#.# #f# #...[# #.# #w#
#....# #.# #.#####
#....# #.# #.#...#
####.# #.#####.#.#.#
#.# #.....#.#.#.#
######.#######.#.#.#.#
...รท......<.....>#.#.#


You could see a sleepcap and a ribbon worm.

Vanquished Creatures
  5 adders
  4 dart slugs (D:1)
  6 endoplasms
  2 giant cockroaches
  4 goblins
  3 hobgoblins (D:1)
  6 jackals
  A quokka (D:1)
  5 ball pythons
  2 bats (D:1)
  2 frilled lizards
  6 kobolds
  8 rats
54 creatures vanquished.

Notes
Turn   | Place    | Note
-------+----------+-------------------------------------------
     0 | D:1      | IndexError the Troll Earth Elementalist began the quest for
                  | the Orb.
     0 | D:1      | Reached XP level 1. HP: 16/16 MP: 1/1
    71 | D:1      | Reached skill level 1 in Unarmed Combat
    75 | D:1      | Reached skill level 3 in Earth Magic
    75 | D:1      | Reached XP level 2. HP: 21/24 MP: 2/2
   270 | D:1      | Reached XP level 3. HP: 30/31 MP: 0/3
   530 | D:1      | Reached skill level 2 in Unarmed Combat
  1446 | D:2      | Reached XP level 4. HP: 39/39 MP: 4/4
  1604 | D:2      | Found a faded altar of an unknown god.
  2055 | D:3      | Found a shimmering altar of Xom.
  2093 | D:3      | Found a burning altar of Makhleb.
  2245 | D:3      | Found a broken altar of Ashenzari.
  2670 | D:3      | HP: 8/39 [sleepcap (5)]
  2671 | D:3      | Demolished by a sleepcap

Illustrated notes

Levels and vault maps discovered:
D:1:      minmay_arrival_shattered_statue, layout_rooms
D:2:      layout_basic, ebering_ecumenical_altar_sacrificial,
          hangedman_decor_push
D:3:      layout_basic, bloody_makhleb, evilmike_ruin_ashenzari,
          overflow_temple_1_default
D:4:      layout_layer_cave, kiku_gazebo_garden_becter

Skill      XL: |  1  2  3 |
---------------+----------+-----
Unarmed Combat | 1 2 |  2.9
Earth Magic    | 3 |  3.9
Dodging        | |  1.5
Stealth        | |  1.0
Spellcasting   | |  1.2
Conjurations   | |  0.6

Action                     |  1- 3 |  4- 6 || total
---------------------------+-------+-------++-------
  Melee: Unarmed           |    36 |       ||    36
   Cast: Sandblast         |    38 |    37 ||    75
 Armour: Robe              |    39 |    29 ||    68
  Dodge: Dodged            |    27 |    10 ||    37

Table legend: (Time is in decaauts)
 A = Elapsed time spent in this place.
 B = Non-inter-level travel time spent in this place.
 C = Inter-level travel time spent in this place.
 D = Time resting spent in this place.
 E = Time spent auto-exploring this place.
 F = Levels seen in this place.
 G = Mean time per level.
                   A        B        C        D        E       F      G
               +--------+--------+--------+--------+--------+-----+--------+
         Total |   2707 |   2511 |    196 |      0 |   2141 |   4 |  676.8 |
       Dungeon |   2707 |   2511 |    196 |      0 |   2141 |   4 |  676.8 |
               +--------+--------+--------+--------+--------+-----+--------+

Top non-repeatable levels by time:
     D:2: 1097 daAuts
     D:1: 875 daAuts
     D:3: 715 daAuts
     D:4: 18 daAuts

Levels and vault maps discovered:
D:1:      minmay_arrival_shattered_statue, layout_rooms
D:2:      layout_basic, ebering_ecumenical_altar_sacrificial,
          hangedman_decor_push
D:3:      layout_basic, bloody_makhleb, evilmike_ruin_ashenzari,
          overflow_temple_1_default
D:4:      layout_layer_cave, kiku_gazebo_garden_becter

Table legend: (Time is in decaauts)
 A = Elapsed time spent in this place.
 B = Non-inter-level travel time spent in this place.
 C = Inter-level travel time spent in this place.
 D = Time resting spent in this place.
 E = Time spent auto-exploring this place.
 F = Levels seen in this place.
 G = Mean time per level.
                   A        B        C        D        E       F      G
               +--------+--------+--------+--------+--------+-----+--------+
         Total |   2707 |   2511 |    196 |      0 |   2141 |   4 |  676.8 |
       Dungeon |   2707 |   2511 |    196 |      0 |   2141 |   4 |  676.8 |
               +--------+--------+--------+--------+--------+-----+--------+

Top non-repeatable levels by time:
     D:2: 1097 daAuts
     D:1: 875 daAuts
     D:3: 715 daAuts
     D:4: 18 daAuts

Table legend:
 A = Kills in this place as a percentage of kills in the entire game.
 B = Kills by you in this place as a percentage of kills by you in the entire game.
 C = Kills by friends in this place as a percentage of kills by friends in the entire game.
 D = Other kills in this place as a percentage of other kills in the entire game.
 E = Experience gained in this place as a percentage of experience gained in the entire game.
 F = Experience gained in this place divided by the number of levels of this place that you have seen.
                   A       B       C       D       E      F
               +-------+-------+-------+-------+-------+----------------------
         Total | 100.0 | 100.0 |   N/A |   N/A | 100.0 |  38.5
       Dungeon | 100.0 | 100.0 |   N/A |   N/A | 100.0 |  38.5
               +-------+-------+-------+-------+-------+----------------------
